 Dungeon Crawl Stone Soup version 0.28-a0-479-g5baa6b73be (webtiles) character file.

Game seed: 16259496388346517090

1088 speeev33 the Vandal (level 8, -1/73 HPs)
             Began as a Minotaur Hunter on Sept 19, 2021.
             Was an Initiate of Okawaru.
             Shot with an arrow by a centaur (4 damage)
             ... on level 6 of the Dungeon.
             The game lasted 00:09:14 (7181 turns).

speeev33 the Vandal (Minotaur Hunter)               Turns: 7181, Time: 00:09:15

Health: -1/73      AC:  8    Str: 20    XL:     8   Next: 9%
Magic:  7/7        EV:  5    Int:  8    God:    Okawaru [......]
Gold:   258        SH:  8    Dex: 10    Spells: 7/7 levels left

rFire   . . .      SeeInvis .   a - +1 hunting sling
rCold   . . .      Faith    .   f - +0 kite shield
rNeg    . . .      Spirit   .   g - +0 chain mail
rPois   .          Reflect  .   (helmet restricted)
rElec   .          Harm     .   (no cloak)
rCorr   .          Rampage  .   (no gloves)
Will    .....                   (no boots)
Stlth   ..........              (no amulet)
HPRegen 0.22/turn               (no ring)
MPRegen 0.10/turn               (no ring)

@: no status effects
A: horns 2, retaliatory headbutt
a: Renounce Religion


You were on level 6 of the Dungeon.
You worshipped Okawaru.
Okawaru was noncommittal.
You visited 2 branches of the dungeon, and saw 7 of its levels.

You collected 258 gold pieces.

Inventory:

Hand Weapons
 a - a +1 hunting sling (weapon)
 b - a +0 short sword
Missiles
 d - 11 sling bullets
 h - 8 curare-tipped darts
 i - 155 stones (quivered ammo)
Armour
 e - a +1 tower shield
 f - a +0 kite shield (worn)
 g - a +0 chain mail (worn)
Jewellery
 o - the ring "Zibafoepn" {*Corrode Str+4 Int+4 Dex+6}
   (You found it on level 5 of the Dungeon)

   [ring of dexterity]

   Str:       It affects your strength (+4).
   Int:       It affects your intelligence (+4).
   Dex:       It affects your dexterity (+6).
   *Corrode:  It may corrode you when you take damage.
 p - a ring of flight
Scrolls
 k - a scroll of teleportation
 m - 2 scrolls of fear
 s - a scroll of vulnerability {unknown}
Potions
 c - 3 potions of haste
 j - 2 potions of ambrosia
 l - a potion of berserk rage {unknown}
 n - a potion of brilliance {unknown}
 r - a potion of lignification {unknown}
 t - a potion of curing {unknown}


   Skills:
 + Level 7.5 Fighting
 + Level 7.8 Slings
 - Level 2.1 Dodging
 - Level 0.7 Stealth
 + Level 5.1 Shields


You had 7 spell levels left.
You didn't know any spells.
Your spell library contained the following spells:

 Spells                   Type           Power      Damage    Failure   Level
 Sandblast                Erth           0%         2d4       100%        1
 Shock                    Conj/Air       0%         1d3       100%        1
 Passwall                 Tmut/Erth      0%         N/A       100%        2
 Slow                     Hex            0%         N/A       100%        2
 Confusing Touch          Hex            0%         N/A       100%        3
 Stone Arrow              Conj/Erth      0%         3d7       100%        3
 Swiftness                Air            0%         N/A       100%        3
 Airstrike                Air            0%         N/A       100%        4
 Yara's Violent Unravell  Hex/Tmut       0%         3d3       100%        5
 Summon Small Mammal      Summ           Unusable   N/A       N/A         1
 Call Canine Familiar     Summ           Unusable   N/A       N/A         3
 Summon Guardian Golem    Hex/Summ       Unusable   N/A       N/A         3

Dungeon Overview and Level Annotations

Branches:
Dungeon (6/15)             Temple (1/1) D:5

Altars:
Ashenzari
Cheibriados
Dithmenos
Elyvilon
Gozag
Hepliaklqana
Kikubaaqudgha
Makhleb
Okawaru
Qazlal
Ru
Sif Muna
Trog
Uskayaw
Vehumet
Xom
Yredelemnul
Zin
The Shining One

Shops:
D:5 *

Portals:
Ossuary: D:6


Innate Abilities, Weirdness & Mutations

You have a pair of horns on your head.
You reflexively headbutt those who attack you in melee.


Message History

You shoot a stone. The stone hits the mummy.
The mummy is heavily damaged.
A centaur opens the door.
You block the mummy's attack.
Unknown command.
Fire: 159 stones
Press: ? - help, Q - select action, (/) - cycle Shift-Dir - straight line, f/p - mummy
Aim: a mummy (heavily damaged, 77% to hit)
You shoot a stone. The stone hits the mummy.
The mummy is severely damaged.
The centaur shoots an arrow.
The arrow hits you but does no damage.
The centaur shoots an arrow.
You block the arrow. The mummy hits you!
Fire: 158 stones
Press: ? - help, Q - select action, (/) - cycle Shift-Dir - straight line, f/p - mummy
Aim: a mummy (severely damaged, 77% to hit)
You shoot a stone.
The stone hits the mummy but does no damage.
The mummy is severely damaged.
The centaur shoots an arrow.
The arrow hits you but does no damage.
Fire: 157 stones
Press: ? - help, Q - select action, (/) - cycle Shift-Dir - straight line, f/p - mummy
Aim: a mummy (severely damaged, 77% to hit)
You shoot a stone. The stone hits the mummy.
The mummy is almost destroyed.
The centaur shoots an arrow.
The arrow hits you!
* * * LOW HITPOINT WARNING * * *
The centaur shoots an arrow.
The arrow hits you!
* * * LOW HITPOINT WARNING * * *
The mummy hits you.
* * * LOW HITPOINT WARNING * * *
Unknown command.
Fire: 156 stones
Press: ? - help, Q - select action, (/) - cycle Shift-Dir - straight line, f/p - mummy
Aim: a mummy (almost destroyed, 77% to hit)
You shoot a stone. The stone hits the mummy.
The mummy is almost destroyed.
The centaur shoots an arrow.
The arrow hits you but does no damage. The mummy hits you.
* * * LOW HITPOINT WARNING * * *
The centaur shoots an arrow.
The arrow hits you.
You die...

,,,,,,,,,,,**,,*,,,** ***,,,,,
,,,,,,,,,,,*,,,,,,,,** ***,,,,,,,
**,,,,,,,,,,,,,,,,...###,,,,,,,,,
**,,,**,,,,,,,,,*,.....#,,,,**,,,
*,,,,,,,,,,,,,,,,#....#**,,**,,,
**,,,,,,,,,*,*,,,*#!...###.****,,
,,,,,,,,,,,***,,###....#...,***,*
*****,,,,,***,,##.#........,,**,,
* *,,,,,,*,,##@.#.##.....,,**,, *
*,,**,,,.##∩M.c........,,,*,, **
*,,,***#c.##..#....#...,,,,,, ,**
*,,,,,,....##.#....#,,.,,,,*,
,,***,,,,,,.....###....##>.,,,,**
,,,*,,,,,,,......##........,,,,**
,,,,,,,>,,,.......#c...#...,,,,,*
,,,*,,,,,,,..........###...,,,,,,
,,**,,,,,,*#...............,,,,,,


You could see a centaur and a mummy.

Vanquished Creatures
  Sigmund (D:2)
  2 black bears (D:5)
  An ogre (D:4)
  A necrophage (D:5)
  A centaur (D:5)
  A wyvern zombie (D:5)
  2 orc priests (D:3)
  A jelly (D:5)
  2 bullfrog skeletons (D:4)
  An iguana (D:4)
  3 orc wizards
  A hound skeleton (D:4)
  A gnoll (D:3)
  6 adders
  2 ufetubi
  An adder zombie (D:3)
  3 worms
  4 dart slugs
  15 orcs
  8 endoplasms
  3 giant cockroaches (D:1)
  12 goblins
  3 hobgoblins
  6 quokkas
  8 ball pythons
  8 bats
  4 frilled lizards
  7 kobolds
  3 rats (D:3)
111 creatures vanquished.

Vanquished Creatures (others)
  An adder (D:5)
  28 plants (D:3)
29 creatures vanquished.

Grand Total: 140 creatures vanquished

Notes
Turn   | Place    | Note
-------+----------+-------------------------------------------
     0 | D:1      | speeev33 the Minotaur Hunter began the quest for the Orb.
     0 | D:1      | Reached XP level 1. HP: 18/18 MP: 0/0
    92 | D:1      | Reached XP level 2. HP: 25/26 MP: 1/1
   985 | D:1      | Reached skill level 5 in Slings
   985 | D:1      | Reached XP level 3. HP: 31/31 MP: 2/2
  1057 | D:2      | Noticed Sigmund
  1080 | D:2      | Killed Sigmund
  1081 | D:2      | Reached skill level 5 in Fighting
  1081 | D:2      | Reached XP level 4. HP: 5/42 MP: 3/3
  1081 | D:2      | Reached XP level 5. HP: 6/48 MP: 4/4
  1651 | D:2      | Found a broken altar of Ashenzari.
  2301 | D:3      | Found a faded altar of an unknown god.
  2359 | D:3      | Reached skill level 1 in Shields
  2525 | D:3      | Reached XP level 6. HP: 23/56 MP: 5/5
  3604 | D:3      | Found a basalt altar of Yredelemnul.
  3607 | D:3      | Found a shimmering altar of Xom.
  4822 | D:4      | Reached XP level 7. HP: 53/63 MP: 6/6
  4937 | D:5      | Entered Level 5 of the Dungeon
  5391 | D:5      | Found Zin's Purification Station.
  5833 | D:5      | Found a glowing silver altar of Zin.
  5936 | D:5      | Identified the ring "Zibafoepn" {*Corrode Str+4 Int+4
                  | Dex+6}
  6548 | D:5      | Reached skill level 5 in Shields
  6548 | D:5      | Reached XP level 8. HP: 40/73 MP: 7/7
  6933 | D:5      | Found a staircase to the Ecumenical Temple.
  6958 | Temple   | Entered the Ecumenical Temple
  7062 | Temple   | Became a worshipper of Warmaster Okawaru
  7170 | D:6      | Found a sand-covered staircase.
  7181 | D:6      | HP: 3/73 [mummy (5)]
  7181 | D:6      | Shot with an arrow by a centaur

Illustrated notes

Levels and vault maps discovered:
D:1:      dpeg_arrival_refuge, layout_basic, chequers_jeans, nrook_uturn
D:2:      layout_loops_corners, basic_altar, uniq_sigmund
D:3:      layout_rooms, minitemple, serial_bayou, serial_bayou_pond_b,
          serial_bayou_pond_a, serial_bayou_lagoon_a, serial_bayou_shore_a,
          basic_ecumenical_altar
D:4:      layout_loops_cross
D:5:      layout_basic, zin_purify, lemuel_temple_firewalk_a,
          grunt_ministairs_10, kennysheep_generic_room_5
D:6:      layout_cave_pools, lemuel_round_altar, gup_ossuary_entry_pyramid,
          grunt_ministairs_11
Temple:   regret_index_temple_waves

Skill      XL: |  1  2  3  4  5  6  7 |
---------------+----------------------+-----
Fighting       | 3 5 6 7 |  7.5
Slings         | 5 6 7 |  7.8
Shields        | 1 3 5 |  5.1
Dodging        | |  2.1
Stealth        | |  0.7

Action                   |  1- 3 |  4- 6 |  7- 9 || total
-------------------------+-------+-------+-------++-------
Melee: Short sword       |     4 |     3 |       ||     7
 Fire: Hunting sling     |    63 |   258 |   110 ||   431
  Use: Scroll            |     3 |     9 |     3 ||    15
       Potion            |     1 |       |       ||     1
Armor: Leather armour    |     4 |     2 |       ||     6
       Ring mail         |       |    16 |       ||    16
       Chain mail        |       |    42 |    51 ||    93
Dodge: Dodged            |    13 |    36 |    22 ||    71
Block: Kite shield       |       |    59 |    43 ||   102

Table legend: (Time is in decaauts)
 A = Elapsed time spent in this place.
 B = Non-inter-level travel time spent in this place.
 C = Inter-level travel time spent in this place.
 D = Time resting spent in this place.
 E = Time spent auto-exploring this place.
 F = Levels seen in this place.
 G = Mean time per level.
                   A        B        C        D        E       F      G
               +--------+--------+--------+--------+--------+-----+--------+
         Total |   7256 |   7051 |    205 |   1145 |   4947 |   7 | 1036.6 |
       Dungeon |   7101 |   6941 |    160 |   1145 |   4851 |   6 | 1183.5 |
        Temple |    154 |    110 |     44 |      0 |     96 |   1 |  154.0 |
               +--------+--------+--------+--------+--------+-----+--------+

Top non-repeatable levels by time:
     D:4: 1691 daAuts
     D:3: 1649 daAuts
     D:5: 1438 daAuts
     D:2: 1249 daAuts
     D:1: 1050 daAuts
  Temple: 154 daAuts
     D:6: 23 daAuts
